 Dungeon Crawl Stone Soup version 0.31.0-11-ge490571c62 (webtiles) character file.

Game seed: 11723393145792038112

581 Aviak the Ducker (level 7, -4/56 HPs)
             Began as a Merfolk Conjurer on Feb 1, 2024.
             Slain by a river rat (6 damage)
             ... in a sewer.
             The game lasted 00:08:06 (4741 turns).

Aviak the Ducker (Merfolk Conjurer)                 Turns: 4741, Time: 00:08:07

Health: -4/56      AC:  8    Str:  7    XL:     7   Next: 36%
Magic:  10/10      EV: 19    Int: 17    God:
Gold:   145        SH:  0    Dex: 15    Spells: 7/10 levels left

rFire   . . .        o - +0 long sword
rCold   . . .        (no shield)
rNeg    . . .        a - +0 robe
rPois   .            g - +0 helmet
rElec   .            d - scarf {+Inv}
rCorr   .            j - +0 pair of gloves
SInv    .            (boots currently unavailable)
Will    .....        (no amulet)
Stlth   +++          A - +4 ring of protection
HPRegen 0.29/turn    (no ring)
MPRegen 0.12/turn

%: no passive effects
@: mighty, hasted, very quick
A: nimble swimmer 2, mertail
a: Evoke Invisibility


You were in a sewer.
You visited 1 branch of the dungeon, and saw 4 of its levels.
You also visited: Sewer.

You collected 145 gold pieces.

Inventory:

Hand Weapons
 o - a +0 long sword (weapon)
 p - a +0 dagger
Armour
 a - a +0 robe (worn)
 d - a scarf of invisibility (worn)
 f - a scarf of harm
 g - a +0 helmet (worn)
 j - a +0 pair of gloves (worn)
Jewellery
 A - a +4 ring of protection (left hand)
Scrolls
 k - a scroll of enchant armour
 n - a scroll of amnesia
 t - a scroll of teleportation
Potions
 b - a potion of attraction
 e - 2 potions of brilliance


   Skills:
 + Level 5.2 Fighting
 + Level 1.7 Long Blades
 + Level 6.8 Dodging
 - Level 2.1 Stealth
 - Level 2.0 Spellcasting
 - Level 4.0 Conjurations


You had 7 spell levels left.
You knew the following spells:

 Your Spells              Type           Power      Damage    Failure   Level
a - Magic Dart            Conj           60%        1d6       3%          1
b - Searing Ray           Conj           30%        2d5       5%          2

Your spell library contained the following spells:

 Spells                   Type           Power      Damage    Failure   Level
 Fulminant Prism          Conj/Alch      4%         3d5       63%         4
 Iskenderun's Mystic Bla  Conj/Tloc      8%         2d4       63%         4


Dungeon Overview and Level Annotations

Branches:
Dungeon (4/15)              Sewer (1/1)
 Temple: D:4-7

Altars:
Ashenzari


Innate Abilities, Weirdness & Mutations

You are very nimble when in or above water. (Stealth+, EV+, Speed+++)
Your lower body shifts to a powerful aquatic tail in water.


Message History

You slash the river rat!
You kill the river rat!
The river rat bites you but does no damage.
An adder comes into view.
The rat twitches its whiskers.
A ball python comes into view.
The adder hisses angrily.
The ball python hisses angrily.
You hit the ball python.
You kill the ball python!
The river rat misses you.
You barely miss the river rat.
The river rat twitches its whiskers.
The river rat completely misses you. The river rat misses you.
You slice the river rat!!
You kill the river rat!
The river rat closely misses you.
You barely miss the river rat.
The river rat is heavily wounded.
The river rat bites you.
* * * LOW HITPOINT WARNING * * *
The river rat completely misses you. x2; The adder closely misses you.
You closely miss the adder. The river rat closely misses you.
The adder bites you.
* * * LOW HITPOINT WARNING * * *
A river rat comes into view.
The river rat bites you!
* * * LOW HITPOINT WARNING * * *
You closely miss the adder.
The river rat bites you but does no damage.
The rat twitches its whiskers.
The adder misses you. The ball python bites you.
* * * LOW HITPOINT WARNING * * *
The ball python closely misses you. The river rat closely misses you.
Unknown command.
Unknown command.
You miss the adder.
The ball python hisses angrily.
Your tail-slap misses the adder.
The river rat misses you. The river rat bites you.
You die...

#...##..#####
........#####.......##..
..........##............
..............r.........
~.~~.~..................
≈~≈≈~r.r.~~.~~~~......rr
≈≈≈≈≈≈r≈r≈≈~≈~~.~.....rr
≈≈≈≈≈≈rr≈≈≈≈≈≈≈≈~.~.r..§
≈≈≈≈≈≈S@r≈≈≈≈≈≈≈~≈~≈r≈S≈
≈≈≈≈≈≈Sr≈≈≈≈≈≈≈≈≈≈r~≈≈≈~
≈≈≈≈≈≈~≈≈rr≈≈~..~~.~...~
≈~S~≈~≈##rrrr.~.........
≈~..####rrrr...........#
≈.~..##r.rr.##........##
...S..r.....###.......#
......r....###rr........
...####.r††.r.r####...


You could see an adder, 7 river rats, 2 ball pythons and 13 rats.

Vanquished Creatures
  Sigmund (D:2)
  A gnoll sergeant (D:3)
  A bombardier beetle (D:4)
  An orc priest (D:3)
  An orc wizard (D:3)
  4 gnolls
  6 river rats
  5 adders
  2 dart slugs
  4 ribbon worms
  8 orcs
  12 ball pythons
  12 endoplasms
  A giant cockroach (D:4)
  8 hobgoblins
  11 jackals
  2 quokkas
  6 bats
  4 frilled lizards
  8 goblins
  7 kobolds
  15 rats
120 creatures vanquished.

Notes
Turn   | Place    | Note
-------+----------+-------------------------------------------
     0 | D:1      | Aviak the Merfolk Conjurer began the quest for the Orb.
     0 | D:1      | Reached XP level 1. HP: 13/13 MP: 3/3
   104 | D:1      | Reached skill level 3 in Dodging
   188 | D:1      | Reached XP level 2. HP: 20/20 MP: 1/5
   191 | D:1      | Learned a level 2 spell: Searing Ray
   270 | D:1      | Reached skill level 1 in Fighting
   575 | D:1      | Reached XP level 3. HP: 26/26 MP: 4/6
  1886 | D:2      | Reached XP level 4. HP: 33/33 MP: 3/7
  1886 | D:2      | Noticed Sigmund
  1942 | D:2      | Killed Sigmund
  1943 | D:2      | Reached skill level 5 in Dodging
  1943 | D:2      | Reached XP level 5. HP: 27/42 MP: 4/8
  1943 | D:2      | Reached XP level 6. HP: 31/48 MP: 4/9
  3229 | D:3      | Reached skill level 6 in Dodging
  3813 | D:3      | Found a broken altar of Ashenzari.
  3964 | D:3      | Reached XP level 7. HP: 7/55 MP: 0/10
  4474 | D:4      | Reached skill level 5 in Fighting
  4635 | D:4      | Reached skill level 1 in Long Blades
  4644 | D:4      | Found a glowing drain.
  4649 | Sewer    | Entered a sewer
  4740 | Sewer    | HP: 2/56 [ball python (3)]
  4741 | Sewer    | Slain by a river rat

Illustrated notes

Levels and vault maps discovered:
D:1:      dpeg_arrival_oval, layout_basic
D:2:      minmay_skewed_foursquare, layout_basic, uniq_sigmund
D:3:      layout_basic, mainiacjoe_overflow_cross_hatched,
          nicolae_twisty_statue_hallways
D:4:      layout_gridville, mainiacjoe_sewer_entry_somewhere_in_here_1,
          ebering_ghost_inner_flame
Sewer:    sewer_minmay_treatment

Skill      XL: |  1  2  3  4  5  6  7 |
---------------+----------------------+-----
Dodging        | 3 5 6 |  6.8
Fighting       | 1 2 3 4 5 |  5.2
Conjurations   | 4 |  4.0
Long Blades    | 1 |  1.7
Stealth        | |  2.1
Spellcasting   | |  2.0

Action                     |  1- 3 |  4- 6 |  7- 9 || total
---------------------------+-------+-------+-------++-------
  Melee: Dagger            |    33 |    61 |       ||    94
         Long sword        |       |       |    77 ||    77
         Tailslap          |       |       |     5 ||     5
   Cast: Magic Dart        |    79 |    45 |     7 ||   131
         Searing Ray       |     1 |    16 |     3 ||    20
    Use: Potion            |       |     1 |     5 ||     6
         Scroll            |       |       |     7 ||     7
   Stab: Sleeping          |       |     2 |       ||     2
 Armour: Robe              |    22 |    55 |    98 ||   175
  Dodge: Dodged            |    29 |    62 |   222 ||   313
